 Dungeon Crawl Stone Soup version 0.28.0-45-g0d030f2227 (webtiles) character file.

Game seed: 18202590041535088234

763 lynaghe the Chopper (level 7, -7/93 HPs)
             Began as a Minotaur Berserker on Apr 18, 2022.
             Was an Elder of Trog.
             Killed from afar by a white imp (11 damage)
             ... with a puff of frost
             ... on level 5 of the Dungeon.
             The game lasted 00:10:57 (4500 turns).

lynaghe the Chopper (Minotaur Berserker)            Turns: 4500, Time: 00:10:58

Health: -7/93      AC: 12    Str: 23    XL:     7   Next: 51%
Magic:  6/6        EV:  9    Int:  4    God:    Trog [****..]
Gold:   244        SH:  0    Dex: 10    Spells: 6/6 levels left

rFire   . . .      SeeInvis .   t - +2 halberd (venom)
rCold   . . .      Faith    .   (shield currently unavailable)
rNeg    . . .      Spirit   .   A - +0 chain mail
rPois   +          Reflect  .   (helmet restricted)
rElec   .          Harm     .   p - +0 cloak
rCorr   .          Rampage  .   q - +0 pair of gloves
Will    .....                   (no boots)
Stlth   ..........              (no amulet)
HPRegen 0.25/turn               r - ring of poison resistance
MPRegen 0.10/turn               (no ring)

@: berserking (expiring), studying Slings, very quick
A: horns 2, retaliatory headbutt
a: Renounce Religion, Berserk, Trog's Hand, Brothers in Arms


You were on level 5 of the Dungeon.
You worshipped Trog.
Trog was greatly pleased with you.
You visited 1 branch of the dungeon, and saw 5 of its levels.

You collected 244 gold pieces.

Inventory:

Hand Weapons
 a - a +0 hand axe
 b - a +0 halberd of venom
 o - a +3 quarterstaff of chaos
 t - a +2 halberd of venom (weapon)
Missiles
 v - 2 throwing nets (quivered)
 w - 6 atropa-tipped darts
 y - 6 poisoned darts
Armour
 p - a +0 cloak (worn)
 q - a +0 pair of gloves (worn)
 A - a +0 chain mail (worn)
Jewellery
 r - a ring of poison resistance (left hand)
Wands
 s - a wand of flame (25)
 u - a wand of polymorph (5)
Scrolls
 c - 6 scrolls of identify {unknown}
 e - a scroll of enchant weapon {unknown}
 f - a scroll of torment {unknown}
 h - 2 scrolls of immolation {unknown}
 m - a scroll of noise {unknown}
Potions
 d - a potion of berserk rage {unknown}
 g - 3 potions of attraction {unknown}
 i - a potion of might {unknown}
 k - a potion of mutation {unknown}
 l - 2 potions of curing {unknown}
 n - a potion of brilliance {unknown}
 x - a potion of heal wounds {unknown}
 z - a potion of haste {unknown}


   Skills:
 + Level 5.8 Fighting
 * Level 7.0 Axes
 - Level 2.3 Staves
 + Level 4.7 Armour
 + Level 4.3 Dodging
 - Level 0.3 Stealth


You had 6 spell levels left.
You didn't know any spells.
Your spell library was empty.

Dungeon Overview and Level Annotations

Branches:
Dungeon (5/15)
 Temple: D:4-7

Altars:
Vehumet
The Shining One


Innate Abilities, Weirdness & Mutations

You have a pair of horns on your head.
You reflexively headbutt those who attack you in melee.


Message History

The orc priest hits you from afar with a +0 trident.
* * * LOW HITPOINT WARNING * * *
The orc closely misses you.
The orc priest begins to cast a cantrip, but forgets the words!
You barely miss the orc. The orc priest barely misses you.
You slice the orc!!
You kill the orc!
Trog accepts your kill.
The orc priest hits you but does no damage.
You barely miss the scorpion. The scorpion closely misses you.
The orc priest invokes the aid of Beogh against you.
Beogh smites you!
* * * LOW HITPOINT WARNING * * *
The orc priest hits you but does no damage.
You closely miss the scorpion. You headbutt the scorpion!
The scorpion is moderately wounded.
The scorpion stings you.
* * * LOW HITPOINT WARNING * * *
You slice the scorpion!!
You kill the scorpion!
Trog accepts your kill.
The orc priest hits you from afar with a +0 trident.
* * * LOW HITPOINT WARNING * * *
Your Axes skill increases to level 7!
You barely miss the shadow imp. Your headbutt misses the shadow imp.
The orc priest hits you but does no damage.
The shadow imp barely misses you.
You closely miss the shadow imp. The orc priest barely misses you.
You completely miss the shadow imp. Your headbutt misses the shadow imp.
The shadow imp gestures at you.
You struggle to resist.
You barely miss the shadow imp. You headbutt the shadow imp!
You kill the shadow imp!
Trog accepts your kill.
The orc priest hits you from afar with a +0 trident.
* * * LOW HITPOINT WARNING * * *
You closely miss the white imp. Your headbutt misses the white imp.
The white imp gestures at you. The puff of frost hits you!
You die...

.#. #.# #.# # #.# #.# #o
#.# #.# ## #.o #.# #.#
..#.# .# #..o #.###.#
#.#.####.# #.... #.##..#
#.#.##...###
#.....##o##<####....#......
#...o5@................
###.###.###........##.#
#.###.###..##.....#<#
.........[...........
.#.#.#.#######....<###
.....(..# ##...## ## ###
### ##.## #.# #.#


You could see 2 orc priests and a white imp.

Vanquished Creatures
  A hornet zombie (D:5)
  The ghost of Vizrt the Vandal, an amateur FoHu (D:3)
  A kobold brigand (D:4)
  2 scorpions
  Crazy Yiuf (D:2)
  A gnoll shaman (D:3)
  A hound (D:4)
  An iguana (D:5)
  An orc wizard (D:5)
  A hound skeleton (D:4)
  8 gnolls
  A howler monkey skeleton (D:4)
  3 adders
  A shadow imp (D:5)
  6 worms
  A dart slug (D:1)
  3 orcs
  6 bats
  4 endoplasms
  3 giant cockroaches
  14 hobgoblins
  11 jackals
  7 kobolds
  5 quokkas
  6 ball pythons
  5 frilled lizards
  16 goblins
  7 rats
  A bush (D:2)
119 creatures vanquished.

Vanquished Creatures (others)
  4 fungi (D:2)
  8 plants
12 creatures vanquished.

Grand Total: 131 creatures vanquished

Notes
Turn   | Place    | Note
-------+----------+-------------------------------------------
     0 | D:1      | lynaghe the Minotaur Berserker began the quest for the Orb.
     0 | D:1      | Reached XP level 1. HP: 19/19 MP: 0/0
    57 | D:1      | Reached XP level 2. HP: 27/27 MP: 1/1
    84 | D:1      | Found a faded altar of an unknown god.
   123 | D:1      | Reached skill level 4 in Axes
   634 | D:1      | Reached XP level 3. HP: 33/33 MP: 2/2
   656 | D:1      | Reached ** piety under Trog
  1843 | D:2      | Reached XP level 4. HP: 31/41 MP: 3/3
  2291 | D:2      | Found a runed translucent door.
  2292 | D:2      | Noticed Crazy Yiuf
  2300 | D:2      | Killed Crazy Yiuf
  2385 | D:3      | Reached *** piety under Trog
  2401 | D:3      | Reached skill level 5 in Axes
  2705 | D:3      | Found a transporter.
  2725 | D:3      | Noticed Vizrt's ghost (amateur FoHu)
  2753 | D:3      | Found a transporter.
  3188 | D:3      | Reached XP level 5. HP: 47/47 MP: 4/4
  3192 | D:3      | Killed Vizrt's ghost
  3193 | D:3      | Reached skill level 5 in Fighting
  3193 | D:3      | Reached skill level 1 in Staves
  3210 | D:3      | Reached XP level 6. HP: 13/56 MP: 5/5
  3614 | D:4      | Found a radiant altar of Vehumet.
  3743 | D:4      | Reached skill level 6 in Axes
  4052 | D:4      | Reached XP level 7. HP: 53/61 MP: 6/6
  4151 | D:4      | Reached **** piety under Trog
  4374 | D:5      | Entered Level 5 of the Dungeon
  4472 | D:5      | Found a glowing golden altar of the Shining One.
  4496 | D:5      | Reached skill level 7 in Axes
  4499 | D:5      | HP: 4/93 [orc priest/+0 trident (6)]
  4500 | D:5      | Killed from afar by a white imp

Illustrated notes

Levels and vault maps discovered:
D:1:      giann_bridges, layout_loops_ring, hellmonk_ecumenical_altar_zigzags,
          minmay_octomino_j4
D:2:      minmay_general_purpose_star, layout_basic, serial_curves,
          eino_curves_02, eino_curves_01, minivault_24, due_unseen_surprise,
          uniq_crazy_yiuf_cottage
D:3:      kennysheep_the_goblin_king, layout_basic,
          gammafunk_ghost_gnarly_gnolls
D:4:      layout_loops_ring, vehumet_altar_wand_db, corexii_checkpoint_b,
          chequers_garden
D:5:      layout_loops_ring, portal_sewer_entry_d, hangedman_feature_mirror,
          uniq_blork_the_orc

Skill      XL: |  1  2  3  4  5  6  7 |
---------------+----------------------+-----
Axes           | 4 5 6 7 |  7.0
Fighting       | 4 5 |  5.8
Dodging        | 3 4 |  4.3
Armour         | 3 4 |  4.7
Staves         | 2 |  2.3
Stealth        | |  0.3

Action                   |  1- 3 |  4- 6 |  7- 9 || total
-------------------------+-------+-------+-------++-------
Melee: Hand axe          |   100 |    68 |       ||   168
       Headbutt          |    20 |    35 |     9 ||    64
       Quarterstaff      |       |    44 |       ||    44
       Punch             |       |     2 |       ||     2
       Halberd           |       |    53 |    36 ||    89
Invok: Berserk           |       |     2 |     1 ||     3
Armor: Animal skin       |    14 |       |       ||    14
       Scale mail        |       |    56 |     7 ||    63
       Skin              |       |     2 |       ||     2
       Chain mail        |       |       |    10 ||    10
Dodge: Dodged            |    58 |    61 |    19 ||   138
